AoeStats
← Giladren

Arabia

505435871Analyzed
1v1 RM · 22d ago on Sep 9, 2026· 45m 59s· 2 players
Game mode
Random Map
Map size
Tiny (2 player)
Population
200
Speed
Normal
Resources
Standard
Victory
Conquest
Starting age
Dark Age
Ending age
Imperial Age
RankedLock teamsTeams togetherTeam positionsShared explorationLock speedFull tech treeHidden civsTurbo modeCheats
Victory
Defeat
🇨🇿 Cumans · Czechia
1022
+17
🇭🇰 Khitans · Hong Kong SAR China
1054
-17
Giladren
0:47 Loom
1:55 Loom
10:31 Feudal Age
10:39 Man-at-Arms
12:28 Arson
14:22 Double-Bit Axe
17:31 Horse Collar
22:08 Castle Age
21:02 Scale Mail Armor
22:03 Stone Mining
23:21 Town Watch
23:30 Gold Mining
24:26 Fletching
26:34 Bodkin Arrow
26:40 Padded Archer Armor
26:58 Bow Saw
29:39 Leather Archer Armor
31:38 Steppe Husbandry
32:34 Ballistics
35:10 Wheelbarrow
38:42 Imperial Age
40:39 Chemistry
41:33 Ring Archer Armor
41:32 Parthian Tactics
41:49 Conscription
44:26 Elite Kipchak
dwajkgfyhujaw
6:47 Loom
9:11 Feudal Age
9:51 Double-Bit Axe
16:28 Forging
20:28 Fletching
20:52 Domestication
26:36 Castle Age
25:11 Wheelbarrow
24:21 Town Watch
24:28 Gold Mining
24:29 Stone Mining
25:01 Padded Archer Armor
27:40 Bow Saw
29:01 Bodkin Arrow
29:21 Leather Archer Armor
31:00 Husbandry
31:34 Hand Cart
32:34 Pastoralism
34:23 Scale Barding Armor
34:54 Iron Casting
41:26 Imperial Age
39:41 Chain Barding Armor
40:41 Town Patrol
42:18 Elite Skirmisher
Connection lost

Rejoining the realm…

Still unreachable

The connection could not be restored.

Session expired

The server has moved on; the page needs a fresh start.